 Dungeon Crawl Stone Soup version 0.25-a0-310-g60f0ac2d9a (webtiles) character file.

Game seed: 7713100737724763059, levelgen mode: classic

283 Borgoz the Twirler (level 6, 38/38 HPs)
             Began as a Gargoyle Gladiator on Dec 23, 2019.
             Quit the game on level 3 of the Dungeon.
             The game lasted 00:03:13 (2678 turns).

Borgoz the Twirler (Gargoyle Gladiator)             Turns: 2678, Time: 00:03:14

Health: 38/38      AC: 10    Str: 17    XL:     6   Next: 28%
Magic:  6/6        EV: 13    Int:  9    God:
Gold:   95         SH:  0    Dex: 13    Spells: 5/5 levels left

rFire    . . .     SeeInvis .   a - +0 quarterstaff
rCold    + . .     Gourm    .   (shield currently unavailable)
rNeg     + . .     Faith    .   b - +0 leather armour
rPois    ∞         Spirit   .   c - +0 helmet
rElec    +         Reflect  .   r - +0 cloak
rCorr    .         Harm     .   (no gloves)
MR       .....                  (no boots)
Stlth    +.........             (no amulet)
HPRegen  0.12/turn              q - ring of protection from cold
MPRegen  0.10/turn              (no ring)

@: no status effects
A: negative energy resistance 1, electricity resistance, unbreathing,
petrification resistance, rot immunity, AC +4
a: no special abilities


You were on level 3 of the Dungeon.
You were not hungry.

You visited 1 branch of the dungeon, and saw 3 of its levels.

You collected 95 gold pieces.

Inventory:

Hand Weapons
 a - a +0 quarterstaff (weapon)
Missiles
 d - 3 throwing nets (quivered)
Armour
 b - a +0 leather armour (worn)
 c - a +0 helmet (worn)
 r - a +0 cloak (worn)
Jewellery
 q - a ring of protection from cold (left hand)
Wands
 m - a wand of polymorph (1)
Scrolls
 e - a scroll of enchant weapon {unknown}
 g - 4 scrolls of identify {unknown}
 h - a scroll of immolation {unknown}
 k - 2 scrolls of fog {unknown}
 l - 3 scrolls of blinking {unknown}
 n - a scroll of fear {unknown}
 o - a scroll of teleportation {unknown}
Potions
 i - a potion of lignification {unknown}
 p - a potion of cancellation {unknown}
 s - a potion of ambrosia {unknown}
Comestibles
 f - 8 rations
 j - 3 chunks of flesh


   Skills:
 + Level 4.0 Fighting
 + Level 4.2 Staves
 - Level 1.7 Throwing
 + Level 3.0 Armour
 + Level 3.4 Dodging


You had 5 spell levels left.
You didn't know any spells.
Your spell library was empty.

Dungeon Overview and Level Annotations

Branches:
Dungeon (3/15)

Altars:


Innate Abilities, Weirdness & Mutations

You are resistant to torment.
Your stone body is resilient. (AC +4)
You are immune to poison.
You resist negative energy. (rN+)
You are resistant to electric shocks. (rElec)
You can survive without breathing.
You are immune to petrification.
You are immune to rotting.


Message History

You sock the bat!
You kill the bat!
No target in view!
No target in view!
g - 4 scrolls labeled ZIUS CUDIOLAI (gained 1)
Things that are here:
a +0 club; a +0 ring mail; a kobold corpse
f - 8 rations (gained 1)
s - an amethyst potion A goblin comes into view.
It is wielding a +0 club.
The goblin hits you but does no damage.
You sock the goblin!
You kill the goblin!
No target in view!
No target in view!
Found a stone staircase leading down.
Done exploring.
Done exploring.
Done exploring.
Are you sure you want to abandon this character and quit the game? (Confirm with "yes".)

........# #>.#
....)...# #..###
........## #....#
.........### #....#
...........###....#
..................####
.............).......##
######................#
##...).....@.##### ####
####........# ...##
#.....#### ...)##
#.....### .....#
#.......# .....#
#.......# .....#
#.......# ....##
##......# ....##
#...>..#


There were no monsters in sight!

Vanquished Creatures
  Crazy Yiuf (D:2)
  Natasha (thrice) (D:2)
  6 adders
  2 oozes
  3 worms
  A dart slug (D:1)
  3 leopard geckos
  15 orcs (D:3)
  2 ball pythons
  3 giant cockroaches (D:3)
  12 goblins
  5 hobgoblins
  4 jackals (D:3)
  11 kobolds
  11 bats
  2 frilled lizards
  8 rats
92 creatures vanquished.

Notes
Turn   | Place    | Note
-------+----------+-------------------------------------------
     0 | D:1      | Borgoz the Gargoyle Gladiator began the quest for the Orb.
     0 | D:1      | Reached XP level 1. HP: 12/12 MP: 1/1
   112 | D:1      | Reached XP level 2. HP: 15/18 MP: 2/2
   139 | D:1      | Reached skill level 1 in Armour
   237 | D:1      | Reached XP level 3. HP: 17/22 MP: 3/3
  1098 | D:2      | Noticed Natasha
  1107 | D:2      | Killed Natasha
  1107 | D:2      | Reached XP level 4. HP: 7/28 MP: 4/4
  1260 | D:2      | Noticed Natasha
  1276 | D:2      | Killed Natasha
  1420 | D:2      | Noticed Natasha
  1424 | D:2      | Reached XP level 5. HP: 32/32 MP: 5/5
  1434 | D:2      | Killed Natasha
  1634 | D:2      | Found a runed translucent door.
  1635 | D:2      | Noticed Crazy Yiuf
  1644 | D:2      | Killed Crazy Yiuf
  1971 | D:3      | Reached XP level 6. HP: 17/38 MP: 6/6
  2678 | D:3      | Quit the game

Levels and vault maps discovered:
D:1:      minmay_arrival_loop, layout_basic
D:2:      layout_rooms, minmay_tripent, uniq_crazy_yiuf_cottage, uniq_natasha
D:3:      layout_rooms, first_ration

Skill      XL: |  1  2  3  4  5  6 |
---------------+-------------------+-----
Armour         | 1 2 3 |  3.0
Fighting       | 3 4 |  4.0
Dodging        | 3 |  3.4
Staves         | 4 |  4.2
Throwing       | |  1.7

Action                   |  1- 3 |  4- 6 || total
-------------------------+-------+-------++-------
Melee: Quarterstaff      |    78 |   192 ||   270
 Stab: Sleeping          |     1 |       ||     1
  Eat: Chunk             |     1 |     5 ||     6
Armor: Leather armour    |    23 |   111 ||   134
       Skin              |       |    45 ||    45
Dodge: Dodged            |    55 |   189 ||   244

Table legend:
 A = Non-vault XP
 B = Vault XP
 C = Vault XP percentage of total XP
 D = Non-vault monster count
 E = Vault monster count
 F = Vault count percentage of total count
                 A         B        C        D         E       F
            +---------+---------+-------+---------+---------+-------
      Total |     320 |      85 |  21.0 |      89 |       3 |   3.3
            +---------+---------+-------+---------+---------+-------
        D:1 |      47 |       0 |   0.0 |      24 |       0 |   0.0
        D:2 |     136 |      85 |  38.5 |      23 |       3 |  11.5
        D:3 |     137 |       0 |   0.0 |      42 |       0 |   0.0
            +---------+---------+-------+---------+---------+-------
